 Dungeon Crawl Stone Soup version 0.31-a0-321-g19405a7a6a (webtiles) character file.

Game seed: 11670776069547657295

3327 Shard1697 the Caller (level 9, -2/79 HPs)
             Began as a Yellow Draconian Ice Elementalist on July 17, 2023.
             Slain by a vampire
             ... wielding a +1 vampiric halberd
              (14 damage)
             ... in a bailey.
             The game lasted 00:12:45 (7392 turns).

Shard1697 the Caller (DrIE)                         Turns: 7392, Time: 00:12:45

Health: -2/79      AC: 10    Str: 10    XL:     9   Next: 71%
Magic:  11/15      EV: 14    Int: 19    God:
Gold:   320        SH:  0    Dex: 13    Spells: 5/16 levels left

rFire   . . .        B - +3 flail (protect)
rCold   + . .        (no shield)
rNeg    . . .        (body armour unavailable)
rPois   .            (helmet restricted)
rElec   .            k - +2 cloak
rCorr   +            (no gloves)
SInv    .            (no boots)
Will    .....        (no amulet)
Stlth   +            m - ring of protection from cold
HPRegen 0.33/turn    (no ring)
MPRegen 0.14/turn

%: no passive effects
@: confused, hasted, very quick
A: spit acid, AC +7, unfitting armour, cold-blooded, acid resistance
a: Breathe Acid


You were in a bailey.
You visited 1 branch of the dungeon, and saw 7 of its levels.
You also visited: Sewer and Bailey.

You collected 320 gold pieces.

Inventory:

Hand Weapons
 c - a +0 morningstar
 B - a +3 flail of protection (weapon)
Missiles
 n - a throwing net
Armour
 j - a scarf of repulsion
 k - a +2 cloak (worn)
Jewellery
 m - a ring of protection from cold (left hand)
 v - a ring of fire
Wands
 b - a wand of charming (8)
 t - a wand of digging (3)
 A - a wand of flame (23)
Scrolls
 d - a scroll of vulnerability
 e - 2 scrolls of fog
 f - 2 scrolls of teleportation
 h - a scroll of enchant weapon
 l - a scroll of identify
 y - 2 scrolls of torment
Potions
 a - a potion of magic
 g - a potion of brilliance
 i - a potion of attraction
 q - a potion of lignification
 u - 2 potions of haste


   Skills:
 + Level 7.0 Fighting
 + Level 6.2 Dodging
 - Level 1.7 Stealth
 - Level 4.1 Spellcasting
 - Level 7.3 Summonings
 - Level 7.0 Ice Magic


You had 5 spell levels left.
You knew the following spells:

 Your Spells              Type           Power      Damage    Failure   Level
a - Freeze                Ice            100%       1d10      1%          1
b - Frozen Ramparts       Ice            60%        1d10      2%          3
c - Ozocubu's Armour      Ice            30%        N/A       2%          3
t - Summon Ice Beast      Ice/Summ       31%        N/A       7%          4

Your spell library contained the following spells:

 Spells                   Type           Power      Damage    Failure   Level
 Kiss of Death            Conj/Necr      12%        2d6       14%         1
 Blink                    Tloc           6%         N/A       21%         2
 Confusing Touch          Hex            3%         N/A       38%         3
 Dispel Undead            Necr           3%         3d7       80%         4
 Manifold Assault         Tloc           3%         N/A       80%         4


Dungeon Overview and Level Annotations

Branches:
Dungeon (7/15)              Sewer (visited)          Bailey (1/1)
 Temple: D:4-7

Altars:
Gozag
Hepliaklqana
Nemelex Xobeh
Ru
Uskayaw
Vehumet


Innate Abilities, Weirdness & Mutations

You can spit globs of acid.
Your golden yellow scales are hard. (AC +7)
You cannot fit into any form of body armour.
You are cold-blooded and may be slowed by cold attacks.
You are resistant to acid. (rCorr)


Message History

You hit something but do no damage.
Your weapon exudes an aura of protection.
Something hits you but does no damage. Something bites you.
* * * LOW HITPOINT WARNING * * *
Something draws strength from your injuries!
You hit something.
Your transformation is almost over.
Something hits you.
* * * LOW HITPOINT WARNING * * *
Something bites you but does no damage.
You hit something. Something hits you but does no damage.
Something bites you but does no damage. Something hits you but does no damage.
Something bites you but does no damage.
You hit something but do no damage.
A vampire appears from thin air!
Reactivating autopickup.
The vampire casts a spell.
The vampire flickers and vanishes!
Deactivating autopickup; reactivate with Ctrl-A.
You hit something but do no damage. Something hits you but does no damage.
Something bites you!
* * * LOW HITPOINT WARNING * * *
Something draws strength from your injuries!
Something hits you but does no damage. Something bites you but does no damage.
You barely miss something. Something hits you but does no damage.
Something bites you but does no damage.
You barely miss something.
You hear some strange, mumbled words.
You are confused.
Okay, then.
You feel yourself speed up.
You feel less wooden.
Your +2 cloak unmelds from your body.
Something hits you but does no damage. Something bites you but does no damage.
You're too confused to attack without stumbling around!
Are you sure you want to stumble around while confused and next to your ice beast?
Your icy armour will break if you move.
Continue?
Your icy armour cracks and falls away as you move.
Something closely misses you. Something hits you!
You die...

.....##...#..#
....##....#..#
....#....##..#
...##..)##...#
....##.).)...#
.....##....######
♣.....#...##...8##
...)..#..##.....!##
......#..#...##.@8#
♣.....#..'..####.Y#
......#..'..# #{[#
###..8#..#...# .!.#
).#####8.##.....!##
..# ######...8##
÷.# ##### ###


You could see a friendly ice beast (summoned).

Vanquished Creatures
  A gargoyle (Bailey)
  Grinder (D:5)
  Eustachio (D:5)
  A water moccasin (D:6)
  Duvessa (D:5)
  3 black bears
  An orc warrior (D:5)
  A centaur (D:6)
  3 phantoms
  A bullfrog (D:7)
  2 scorpions
  Dowan (D:5)
  4 wolf zombies (Bailey)
  8 vampire bats (Bailey)
  A jelly (D:5)
  Crazy Yiuf (D:6)
  5 hounds
  5 orc priests
  10 iguanas
  3 sleepcaps
  Ijyb (D:5)
  An orc wizard (D:7)
  4 gnolls (D:6)
  15 adders
  2 river rats (Sewer)
  An ufetubus (D:6)
  2 worms
  2 dart slugs
  11 orcs
  4 bats
  11 endoplasms
  6 giant cockroaches
  6 hobgoblins
  6 jackals
  3 kobolds
  3 quokkas
  6 ball pythons
  7 frilled lizards
  9 goblins
  23 orc zombies (Bailey)
  14 rats
191 creatures vanquished.

Vanquished Creatures (collateral kills)
  2 rats (D:6)
2 creatures vanquished.

Grand Total: 193 creatures vanquished

Notes
Turn   | Place    | Note
-------+----------+-------------------------------------------
     0 | D:1      | Shard1697 the Draconian Ice Elementalist began the quest
                  | for the Orb.
     0 | D:1      | Reached XP level 1. HP: 14/14 MP: 3/3
   297 | D:1      | Reached XP level 2. HP: 17/20 MP: 5/5
   847 | D:2      | Reached XP level 3. HP: 24/26 MP: 5/7
   851 | D:2      | Learned a level 3 spell: Frozen Ramparts
   855 | D:2      | Learned a level 3 spell: Ozocubu's Armour
  1726 | D:3      | Reached XP level 4. HP: 31/33 MP: 4/8
  1804 | D:3      | Reached skill level 5 in Ice Magic
  2418 | D:4      | Noticed a black bear
  2432 | D:4      | Killed a black bear
  2433 | D:4      | Reached XP level 5. HP: 38/38 MP: 4/11
  2440 | D:4      | Learned a level 4 spell: Summon Ice Beast
  2505 | D:4      | Reached skill level 1 in Summonings
  2505 | D:4      | Reached XP level 6. HP: 45/45 MP: 5/12
  3139 | D:4      | Found a hide-covered altar of Uskayaw.
  3311 | D:5      | Entered Level 5 of the Dungeon
  3379 | D:5      | Noticed Duvessa
  3380 | D:5      | Noticed Dowan
  3387 | D:5      | Your scales start taking on a golden yellow colour.
  3387 | D:5      | Reached XP level 7. HP: 36/50 MP: 6/13
  3387 | D:5      | Gained mutation: You are resistant to acid. (rCorr) [Yellow
                  | Draconian growth]
  3390 | D:5      | Killed Duvessa
  3391 | D:5      | Reached skill level 5 in Summonings
  3405 | D:5      | Killed Dowan
  3580 | D:5      | Noticed Eustachio
  3853 | D:5      | Found a radiant altar of Vehumet.
  3938 | D:5      | Noticed Ijyb
  3944 | D:5      | Killed Ijyb
  3998 | D:5      | Found a hazy altar of Hepliaklqana.
  4101 | D:5      | Killed Eustachio
  4179 | D:5      | Reached XP level 8. HP: 26/57 MP: 4/14
  4417 | D:5      | Noticed Grinder
  4447 | D:5      | Killed Grinder
  4869 | D:6      | Found a sacrificial altar of Ru.
  4886 | D:6      | Reached skill level 1 in Fighting
  4948 | D:6      | Found a glowing drain.
  4987 | Sewer    | Entered a sewer
  5592 | D:6      | Found an opulent altar of Gozag.
  5684 | D:6      | Reached XP level 9. HP: 55/71 MP: 15/15
  6149 | D:6      | Found a sparkling altar of Nemelex Xobeh.
  6205 | D:6      | Found a runed translucent door.
  6206 | D:6      | Noticed Crazy Yiuf
  6292 | D:6      | Killed Crazy Yiuf
  6369 | D:7      | Reached skill level 5 in Fighting
  6408 | D:7      | Found a flagged portal.
  6431 | Bailey   | Entered a bailey
  6593 | Bailey   | Reached skill level 5 in Dodging
  6843 | Bailey   | Noticed a gargoyle
  6872 | Bailey   | Killed a gargoyle
  7392 | Bailey   | Slain by a vampire

Illustrated notes

Levels and vault maps discovered:
D:1:      dpeg_arrival_three_smaller_balls, layout_basic, serial_bayou_pond_e,
          palyth_stone_intersect, st_stairs_4
D:2:      layout_basic, minmay_close_crescents
D:3:      layout_basic
D:4:      nicolae_cairo_tiling, layout_rooms, mainiacjoe_overflow_boulevard,
          serial_rivers, chequers_serial_rivers_room_b,
          chequers_serial_rivers_marsh, chequers_serial_rivers_small_a,
          chequers_serial_rivers_micro_b
D:5:      layout_loops_ring, fiery_altar_vehumet,
          mainiacjoe_overflow_six_doors_small, uniq_eustachio, uniq_ijyb,
          uniq_duvessa, uniq_grinder
D:6:      layout_rooms, mainiacjoe_overflow_small_starburst,
          nicolae_overflow_crystal_walls, nemelex_diamond_rough_becter,
          cheibrodos_sewer_entry_drain, nicolae_houndstooth_variations,
          uniq_crazy_yiuf_cottage
D:7:      layout_gridville, minmay_temple_entry_waves, enter_bailey_3,
          uniq_menkaure, uniq_joseph, uniq_pikel
Bailey:   bailey_polearm_vampire_castle_hellmonk, bailey

Skill      XL: |  1  2  3  4  5  6  7  8  9 |
---------------+----------------------------+-----
Spellcasting   | 3 4 |  4.1
Ice Magic      | 5 6 7 |  7.0
Summonings     | 1 4 6 7 |  7.3
Dodging        | 4 6 |  6.2
Fighting       | 4 7 |  7.0
Stealth        | |  1.7

Action                     |  1- 3 |  4- 6 |  7- 9 || total
---------------------------+-------+-------+-------++-------
  Melee: Mace              |   101 |    26 |       ||   127
         Unarmed           |     5 |       |       ||     5
         Tailslap          |    10 |    14 |    57 ||    81
         Trident           |       |   101 |    50 ||   151
         Punch             |       |     1 |     5 ||     6
         Flail             |       |       |   339 ||   339
   Cast: Freeze            |    19 |    12 |    59 ||    90
         Frozen Ramparts   |       |     5 |    17 ||    22
         Ozocubu's Armour  |       |     4 |     2 ||     6
         Summon Ice Beast  |       |       |     1 ||     1
Ability: Breathe Acid      |       |       |     1 ||     1
    Use: Scroll            |       |       |    19 ||    19
         Potion            |       |       |     7 ||     7
   Stab: Sleeping          |     2 |     2 |     2 ||     6
         Distracted        |       |     1 |     1 ||     2
 Armour: Skin              |    50 |    53 |   315 ||   418
  Dodge: Dodged            |    68 |    84 |   420 ||   572
         Repelled          |     1 |       |       ||     1

Table legend: (Time is in decaauts)
 A = Elapsed time spent in this place.
 B = Non-inter-level travel time spent in this place.
 C = Inter-level travel time spent in this place.
 D = Time resting spent in this place.
 E = Time spent auto-exploring this place.
 F = Levels seen in this place.
 G = Mean time per level.
                   A        B        C        D        E       F      G
               +--------+--------+--------+--------+--------+-----+--------+
         Total |   7675 |   7426 |    249 |    675 |   4837 |   9 |  852.8 |
       Dungeon |   6149 |   5900 |    249 |    387 |   4110 |   7 |  878.4 |
         Sewer |    505 |    505 |      0 |     65 |    281 |   1 |  505.0 |
        Bailey |   1021 |   1021 |      0 |    223 |    446 |   1 | 1021.0 |
               +--------+--------+--------+--------+--------+-----+--------+

Top non-repeatable levels by time:
     D:5: 1392 daAuts
     D:4: 1112 daAuts
     D:6: 1088 daAuts
  Bailey: 1021 daAuts
     D:2: 872 daAuts
     D:1: 817 daAuts
     D:3: 785 daAuts
   Sewer: 505 daAuts
     D:7: 81 daAuts
